 Dungeon Crawl Stone Soup version 0.28.0-43-g3370ac3207 (webtiles) character file.

Game seed: 17857642645402512303

324 Pemander the Jinx (level 6, 24/24 HPs)
             Began as a Felid Enchanter on Mar 21, 2022.
             Quit the game on level 5 of the Dungeon.
             The game lasted 00:11:09 (7268 turns).

Pemander the Jinx (Felid Enchanter)                 Turns: 7268, Time: 00:11:10

Health: 24/24      AC:  2    Str:  6    XL:     6   Next: 23%
Magic:  12/12      EV: 17    Int: 16    God:
Gold:   214        SH:  0    Dex: 17    Spells: 4/12 levels left
                                        Lives:  0   Deaths: 2

rFire   + . .      SeeInvis +     - Unarmed
rCold   . . .      Faith    .   (shield unavailable)
rNeg    . . .      Spirit   .   (armour unavailable)
rPois   .          Reflect  .   (helmet unavailable)
rElec   .          Harm     .   (cloak unavailable)
rCorr   .          Rampage  .   (gloves unavailable)
Will    .....                   (boots unavailable)
Stlth   ++++......              (no amulet)
HPRegen 0.08/turn               b - ring of protection from fire
MPRegen 0.13/turn               (no ring)

@: quick
A: very small, claws 1, fangs 3, see invisible, speed 1, shaggy fur 2, stealthy
paws, no weapons or thrown items, no armour, multi-lived
a: no special abilities


You were on level 5 of the Dungeon.
You visited 1 branch of the dungeon, and saw 5 of its levels.

You collected 214 gold pieces.

Inventory:

Jewellery
 b - a ring of protection from fire (left paw)
Wands
 j - a wand of charming (11)
 l - a wand of flame (6)
 n - a wand of polymorph (9)
Scrolls
 c - a scroll of vulnerability
 d - a scroll of teleportation {unknown}
 e - a scroll of enchant weapon {unknown}
 f - a scroll of blinking {unknown}
 g - 4 scrolls of identify {unknown}
 i - a scroll of fear
 k - a scroll of fog {unknown}
 p - a scroll of noise {unknown}
Potions
 a - a potion of invisibility
 h - a potion of attraction {unknown}
 m - a potion of brilliance {unknown}
 o - a potion of degeneration {unknown}


   Skills:
 - Level 2.6 Dodging
 + Level 7.3 Stealth
 + Level 4.0 Unarmed Combat
 - Level 3.6 Spellcasting
 - Level 8.0 Hexes


You had 4 spell levels left.
You knew the following spells:

 Your Spells              Type           Power      Damage    Failure   Level
a - Ensorcelled Hibernat  Hex/Ice        30%        N/A       4%          2
b - Confusing Touch       Hex            28%        N/A       1%          3
c - Tukima's Dance        Hex            28%        N/A       1%          3

Your spell library contained the following spells:

 Spells                   Type           Power      Damage    Failure   Level
 Dazzling Flash           Conj/Hex       30%        N/A       10%         3
 Sandblast                Erth           4%         2d4       19%         1
 Blink                    Tloc           4%         N/A       26%         2
 Passwall                 Tmut/Erth      1%         N/A       26%         2
 Stone Arrow              Conj/Erth      4%         3d7       47%         3
 Manifold Assault         Tloc           2%         N/A       99%         5
 Storm Form               Tmut/Air       1%         N/A       100%        7


Dungeon Overview and Level Annotations

Branches:
Dungeon (5/15)
 Temple: D:4-7

Altars:

Shops:
D:5 (

Annotations:
D:3 4 runed translucent doors, 2FriedEggs's ghost, amateur DrCK; Crazy Yiuf; Grinder
D:4 2 transporters
D:5 Edmund


Innate Abilities, Weirdness & Mutations

You have sharp claws.
You have razor-sharp teeth.
You have supernaturally acute eyesight. (SInv)
You cover ground quickly. (Speed+)
You are covered in thick fur. (AC +2)
Your paws help you pounce on unaware monsters.
You are incapable of wielding weapons or throwing items.
You cannot wear armour.
You gain extra lives every three experience levels.


Message History

Aim: an orc warrior, wielding a +0 trident and wearing a +1 chain mail of willpower (chance to affect: 25%)
The +0 trident dances into the air!
The orc shouts!
Something hits the orc warrior!
You feel a bit more experienced.
Casting: Tukima's Dance (safe; 1% risk of failure)
Confirm with . or Enter, or press ? or * to list all spells.
Your paws begin to glow red.
You closely miss the orc warrior.
The orc warrior is moderately wounded.
You barely miss the orc warrior.
The orc warrior is moderately wounded.
The orc warrior barely misses you.
You closely miss the orc warrior. You claw the orc warrior.
The orc warrior is moderately wounded.
The orc warrior hits you but does no damage.
You barely miss the orc warrior.
The orc warrior is moderately wounded.
Your +0 trident is no longer covered in acid.
The orc warrior hits you!
You scratch the orc warrior but do no damage.
The orc warrior appears confused.
The orc warrior is moderately wounded.
The orc warrior hits you.
The orc hits your +0 trident with a +0 hand axe.
You scratch the orc warrior but do no damage.
The orc warrior is moderately wounded.
You are too injured to fight recklessly!
Your +0 trident falls from the air.
The orc warrior hits you!
* * * LOW HITPOINT WARNING * * *
The orc warrior completely misses itself.
The orc shouts!
The jelly hits you.
* * * LOW HITPOINT WARNING * * *
You are splashed with acid!
You die...
You are now level 6!
You rejoin the land of the living...
Are you sure you want to abandon this character and quit the game? (Confirm with "yes".)

#### #..### #....#
### #@..# ##.## #...#
####...###......
#.#.....##..#.....
##..#...###..###...
#...##..###..# ##
##..#(...##..## Z
#........##...# ##o.
#...>#...#....##.....
.. ..


There were no monsters in sight!

Vanquished Creatures
  A shadow (D:5)
  An ogre (D:4)
  A phantom (D:4)
  A centaur zombie (D:5)
  An orc priest (D:3)
  A centaur skeleton (D:5)
  3 iguanas (D:5)
  A hound skeleton (D:5)
  A howler monkey zombie (D:5)
  10 adders
  2 ufetubi (D:4)
  A worm (D:4)
  A dart slug (D:1)
  9 orcs
  8 ball pythons
  7 endoplasms
  2 giant cockroaches
  13 goblins
  9 hobgoblins
  6 jackals
  5 kobolds
  3 quokkas
  6 bats
  3 frilled lizards
  8 rats
104 creatures vanquished.

Vanquished Creatures (collateral kills)
  3 orcs
3 creatures vanquished.

Vanquished Creatures (others)
  A dancing weapon (D:4)
  6 plants (D:4)
7 creatures vanquished.

Grand Total: 114 creatures vanquished

Notes
Turn   | Place    | Note
-------+----------+-------------------------------------------
     0 | D:1      | Pemander the Felid Enchanter began the quest for the Orb.
     0 | D:1      | Reached XP level 1. HP: 7/7 MP: 4/4
   133 | D:1      | Found a faded altar of an unknown god.
   286 | D:1      | Reached XP level 2. HP: 7/11 MP: 6/6
   396 | D:1      | Learned a level 2 spell: Ensorcelled Hibernation
   460 | D:1      | Reached skill level 5 in Hexes
  1420 | D:1      | Reached skill level 5 in Stealth
  1519 | D:1      | Reached XP level 3. HP: 6/14 MP: 3/7
  2521 | D:2      | Learned a level 3 spell: Confusing Touch
  3088 | D:2      | Reached XP level 4. HP: 18/18 MP: 5/8
  3217 | D:3      | Noticed Grinder
  3243 | D:2      | Reached skill level 6 in Hexes
  3881 | D:3      | Found a runed translucent door.
  3882 | D:3      | Noticed Crazy Yiuf
  4052 | D:3      | Reached XP level 5. HP: 21/21 MP: 9/9
  4066 | D:3      | Found a runed translucent gate.
  4104 | D:3      | Found a runed translucent gate.
  4104 | D:3      | Found a runed translucent gate.
  4106 | D:3      | Noticed 2FriedEggs's ghost (amateur DrCK)
  5317 | D:4      | Noticed an ogre
  5339 | D:4      | Learned a level 3 spell: Tukima's Dance
  5390 | D:4      | Slain by an ufetubus
  5391 | D:4      | Reached XP level 4. HP: -3/18 MP: 6/8
  5558 | D:4      | Found a transporter.
  5585 | D:4      | Identified the +5 halberd of Toddafuda {pain, rC+}
  5604 | D:4      | Found a transporter.
  5662 | D:4      | Noticed a phantom
  5676 | D:4      | Killed a phantom
  5677 | D:4      | Reached skill level 7 in Hexes
  5677 | D:4      | Reached XP level 5. HP: 21/21 MP: 6/9
  5879 | D:4      | Killed an ogre
  5880 | D:4      | Gained mutation: You are covered in thick fur. (AC +2)
                  | [Felid growth]
  5880 | D:4      | Reached XP level 6. HP: 24/24 MP: 2/11
  6244 | D:5      | Entered Level 5 of the Dungeon
  6586 | D:5      | Noticed a shadow
  6592 | D:5      | Noticed an orc warrior
  6599 | D:5      | Noticed Edmund
  6730 | D:5      | Found Aceefi's Weapon Emporium.
  6881 | D:5      | Reached skill level 8 in Hexes
  7025 | D:5      | Killed a shadow
  7026 | D:5      | Reached XP level 7. HP: 16/27 MP: 9/13
  7267 | D:5      | Splashed by a jelly's acid
  7268 | D:5      | Reached XP level 6. HP: -3/24 MP: 7/12
  7268 | D:5      | Quit the game

Illustrated notes

Levels and vault maps discovered:
D:1:      lemuel_arrival_hallway, layout_loops_ring,
          ebering_ecumenical_altar_abandoned, minmay_tetromino_l2
D:2:      layout_basic
D:3:      layout_rooms, gammafunk_ghost_nasty_kobolds, uniq_crazy_yiuf_cottage,
          uniq_grinder
D:4:      kennysheep_the_goblin_king, layout_basic,
          gammafunk_ghost_gnarly_gnolls, kennysheep_generic_room_4
D:5:      layout_cave_pools, serial_shops, shop_fountains, uniq_edmund

Skill      XL: |  1  2  3  4  5  6  7 |
---------------+----------------------+-----
Hexes          | 5 7 8 |  8.0
Stealth        | 5 6 7 |  7.3
Unarmed Combat | 3 4 |  4.0
Spellcasting   | 3 |  3.6
Dodging        | |  2.6

Action                   |  1- 3 |  4- 6 |  7- 9 || total
-------------------------+-------+-------+-------++-------
Melee: Unarmed           |   108 |   165 |     9 ||   282
       Bite              |     9 |    19 |     2 ||    30
       Punch             |       |     6 |     1 ||     7
 Cast: Ensorcelled Hiber |    24 |    43 |       ||    67
       Confusing Touch   |       |     7 |     2 ||     9
       Tukima's Dance    |       |     8 |     2 ||    10
  Use: Scroll            |       |     2 |       ||     2
 Stab: Sleeping          |    20 |    28 |       ||    48
       Distracted        |     1 |       |       ||     1
       Confused          |       |     7 |       ||     7
Armor: Skin              |     1 |    18 |     2 ||    21
Dodge: Dodged            |    88 |   195 |     3 ||   286
